 Dungeon Crawl Stone Soup version 0.25-b1-46-gb8a1ec05df (webtiles) character file.

Game seed: 14793023379028173042

17915 xccam the Fighter (level 12, 0/114 (115) HPs)
             Began as a Minotaur Hunter on June 12, 2020.
             Was an Elder of Ru.
             Killed by drain life
             ... invoked by a soul eater
             ... summoned by Frances
              (15 damage)
             ... on level 12 of the Dungeon.
             The game lasted 00:25:35 (12920 turns).

xccam the Fighter (Minotaur Hunter)                Turns: 12920, Time: 00:25:36

HP:   0/114 (115)   AC: 10    Str: 22    XL:     12   Next: 23%
MP:   0/11          EV: 15    Int: 13    God:    Ru [****..]
Gold: 311           SH: 12    Dex: 17    Spells: 11/11 levels left

rFire    . . .     SeeInvis .   a - +10 long sword of Cocytus {vorpal, Int+5}
rCold    . . .     Gourm    .   Q - +0 kite shield
rNeg     . . .     Faith    .   D - +0 chain mail
rPois    .         Spirit   +   (helmet restricted)
rElec    .         Reflect  .   u - +1 cloak
rCorr    .         Harm     .   (no gloves)
MR       .....                  h - +1 pair of boots
Stlth    ..........             R - amulet of guardian spirit
HPRegen  0.29/turn              y - +6 ring of dexterity
MPRegen  0.12/turn              P - +4 ring of evasion

@: overwhelmed with horror
A: retaliatory headbutt, horns 2, no stealth, cowardly, reduced AC 1, missing an
eye
a: Draw Out Power, Power Leap, Renounce Religion


You were on level 12 of the Dungeon.
You worshipped Ru.
Ru was greatly pleased with you.
You were not hungry.

You visited 2 branches of the dungeon, and saw 13 of its levels.
You also visited: Ossuary.

You collected 563 gold pieces.
You spent 252 gold pieces at shops.

Inventory:

Hand Weapons
 a - the +10 long sword of Cocytus (weapon) {vorpal, Int+5}
   (You found it on level 8 of the Dungeon)

   It inflicts extra damage upon your enemies.
   It affects your intelligence (+5).
 b - a +1 hand crossbow
 v - a +0 whip
 B - a +3 short sword of electrocution
 E - a +2 whip of flaming
 S - the +8 falchion of the Tent {vorpal, rF+ SInv}
   (You found it on level 10 of the Dungeon)

   It inflicts extra damage upon your enemies.
   It protects you from fire.
   It lets you see invisible.
Missiles
 d - 56 bolts
 C - 5 silver boomerangs (quivered)
Armour
 h - a +1 pair of boots (worn)
 u - a +1 cloak (worn)
 D - a +0 chain mail (worn)
 Q - a +0 kite shield (worn)
Jewellery
 y - a +6 ring of dexterity (left hand)
 P - a +4 ring of evasion (right hand)
 R - an amulet of guardian spirit (around neck)
 T - an uncursed ring of ice
Wands
 r - a wand of polymorph (14)
 G - a wand of acid (11)
 K - a wand of flame (9)
 L - a wand of disintegration (3)
Scrolls
 g - 2 scrolls of fog
 i - 2 scrolls of identify
 l - a scroll of holy word
 m - 7 scrolls of magic mapping
 n - 7 scrolls of remove curse
 o - 3 scrolls of fear
 w - 4 scrolls of amnesia
 x - a scroll of blinking
 z - 6 scrolls of teleportation
 J - 4 scrolls of enchant weapon
 M - a scroll of immolation
 N - 2 scrolls of vulnerability
 O - a scroll of torment
Potions
 c - 4 potions of heal wounds
 e - 7 potions of curing
 j - 2 potions of lignification
 k - a potion of mutation
 p - 2 potions of brilliance
 q - 3 potions of magic
 s - a potion of berserk rage
 t - 2 potions of haste
 A - 4 potions of stabbing
 F - 4 potions of flight
 H - a potion of invisibility
 I - a potion of ambrosia
Comestibles
 f - 27 rations
 U - 2 chunks of flesh


   Skills:
 - Level 13.4 Fighting
 - Level 5.0(8.8) Short Blades
 + Level 12.0(12.5) Long Blades
 - Level 4.3 Crossbows
 - Level 7.3 Armour
 - Level 7.2 Dodging
 + Level 10.2 Shields


You had 11 spell levels left.
You didn't know any spells.
Your spell library contained the following spells:

 Spells                   Type           Power        Failure   Level  Hunger
 Animate Skeleton         Necr           N/A          99%         1    ##.....
 Apportation              Tloc           #.....       99%         1    ##.....
 Corona                   Hex            #......      99%         1    ##.....
 Summon Small Mammal      Summ           #...         99%         1    ##.....
 Ensorcelled Hibernation  Hex/Ice        #.....       99%         2    ###....
 Slow                     Hex            #.......     99%         2    ###....
 Confusing Touch          Hex            #.......     100%        3    ####...
 Dazzling Flash           Conj/Hex       #.....       100%        3    ####...
 Inner Flame              Hex/Fire       #.......     100%        3    ####...
 Portal Projectile        Hex/Tloc       #.....       100%        3    ####...
 Tukima's Dance           Hex            #.......     100%        3    ####...
 Cause Fear               Hex            #.........   100%        4    #####..
 Leda's Liquefaction      Hex/Erth       #.........   100%        4    #####..


Dungeon Overview and Level Annotations

Branches:
Dungeon (12/15)            Temple (1/1) D:4            Lair (0/6) D:8
Ossuary (visited)
    Orc: D:9-12

Altars:
Ashenzari
Cheibriados
Dithmenos
Elyvilon
Fedhas
Gozag
Hepliaklqana
Kikubaaqudgha
Makhleb
Nemelex Xobeh
Okawaru
Qazlal
Ru
Sif Muna
Trog
Uskayaw
Vehumet
Wu Jian
Xom
Yredelemnul
Zin
The Shining One

Shops:
D:5 !   D:6 !=?   D:9 :

Annotations:
D:12 Frances


Innate Abilities, Weirdness & Mutations

You reflexively headbutt those who attack you in melee.
You have a pair of horns on your head.
You cannot be stealthy.
Your cowardice makes you less effective in combat with threatening monsters.
You take slightly more damage. (AC -5)
You are missing an eye, making it more difficult to aim.


Message History

The smoke demon gestures at you. The ball of steam hits you!!
* * * LOW HITPOINT WARNING * * *
You block the soul eater's attack. You block the ice devil's attack.
Unknown command.
Evoke which item? (* to show all) (? for menu, Esc to quit)
Aiming: Corrosive Bolt
Press: ? - help, Shift-Dir - straight line, f - Frances
Aim: Frances, wielding a +0 mace and wearing a +3 ring mail of poison resistance (severely wounded, fast, blind)
The bolt of acid hits the smoke demon!
The smoke demon is splashed with acid.
The acid corrodes the smoke demon!
The smoke demon is heavily wounded.
The bolt of acid misses Frances.
The ice devil hits you but does no damage.
The smoke demon gestures at you. Something smites you!
* * * LOW HITPOINT WARNING * * *
The soul eater draws from the surrounding life force!
You die...

....
#.######
#....
#......#
#....
###....#
#.#### #.#
..######.#
..........#
...#####..#
......##@.#
#.334.#
......@>.##
...#######
#


You could see Frances (fast, blind), a soul eater (summoned), an ice devil
(summoned) and a smoke demon (summoned, corroded).

Vanquished Creatures
  Fannar (D:11)
  A hydra (D:11)
  A two-headed ogre (D:12)
  2 unseen horrors (D:11)
  Pikel (D:5)
  An ugly thing (D:12)
  Maurice (D:8)
  A manticore (D:11)
  A cyclops (D:11)
  Psyche (D:8)
  Maggie (D:6)
  3 trolls
  Grinder (D:6)
  3 slime creatures (D:12)
  Prince Ribbit (D:8)
  2 hippogriffs
  Sigmund (D:4)
  14 yaks
  A spriggan (D:7)
  5 wraiths
  2 wyverns
  4 hungry ghosts
  A water moccasin (D:7)
  5 porcupines (D:8)
  5 orc warriors
  2 black bears
  An ice beast (D:5)
  2 necrophages (D:10)
  5 ogres
  4 sky beasts
  2 phantoms
  5 centaurs
  The ghost of Hyawatha the Cudgeler, an amateur OpWn (D:3)
  3 crocodiles
  A big kobold (D:6)
  10 bullfrogs
  A water moccasin skeleton (D:6)
  A wyvern skeleton (D:12)
  4 scorpions
  4 killer bees (D:11)
  6 wights
  2 electric eels (D:7)
  2 howler monkeys
  2 centaur zombies
  8 crimson imps
  3 bullfrog zombies
  2 bullfrog skeletons
  3 jellies
  Crazy Yiuf (D:2)
  An orc priest (D:4)
  5 hounds
  2 centaur skeletons
  An iguana (D:7)
  Natasha (thrice) (D:2)
  10 orc wizards
  15 worker ants
  4 hound skeletons
  5 mummies
  A worker ant zombie (D:10)
  A gnoll (D:1)
  15 adders
  2 shadow imps
  2 oozes
  An adder skeleton (D:9)
  A worm (D:4)
  A dart slug (D:3)
  8 leopard geckos
  45 orcs
  7 giant cockroaches
  2 gnoll zombies (Ossuary)
  11 goblins
  14 hobgoblins
  12 jackals
  4 quokkas
  A ball python (D:3)
  9 bats
  6 frilled lizards
  A goblin zombie (Ossuary)
  3 hobgoblin zombies (Ossuary)
  8 kobolds
  3 kobold zombies (Ossuary)
  6 rats
345 creatures vanquished.

Vanquished Creatures (others)
  2 killer bees (D:11)
  An iguana (D:5)
  4 jackals (D:5)
  9 fungi (D:8)
  A plant (D:8)
17 creatures vanquished.

Grand Total: 362 creatures vanquished

Notes
Turn   | Place    | Note
-------+----------+-------------------------------------------
     0 | D:1      | xccam the Minotaur Hunter began the quest for the Orb.
     0 | D:1      | Reached XP level 1. HP: 18/18 MP: 0/0
    60 | D:1      | Reached skill level 1 in Short Blades
   199 | D:1      | Reached XP level 2. HP: 20/25 MP: 1/1
   647 | D:1      | HP: 1/25 [kobold/+2 short sword of electrocution (19)]
  1053 | D:1      | Reached XP level 3. HP: 30/30 MP: 2/2
  1457 | D:2      | Found a runed translucent door.
  1458 | D:2      | Noticed Crazy Yiuf
  1465 | D:2      | Killed Crazy Yiuf
  1465 | D:2      | Reached XP level 4. HP: 15/37 MP: 0/3
  1674 | D:2      | Found a faded altar of an unknown god.
  1764 | D:2      | Noticed Natasha
  1771 | D:2      | Killed Natasha
  1916 | D:2      | Noticed Natasha
  1931 | D:2      | Killed Natasha
  1931 | D:2      | Reached skill level 5 in Short Blades
  1931 | D:2      | Reached XP level 5. HP: 34/42 MP: 4/4
  2003 | D:2      | Noticed Natasha
  2010 | D:2      | Killed Natasha
  2010 | D:2      | Reached skill level 1 in Armour
  2207 | D:2      | Reached skill level 3 in Fighting
  2791 | D:3      | Found a runed translucent gate.
  2791 | D:3      | Found a runed translucent gate.
  2791 | D:3      | Found a runed translucent gate.
  2792 | D:3      | Noticed Hyawatha's ghost (amateur OpWn)
  2806 | D:3      | Killed Hyawatha's ghost
  2806 | D:3      | Reached XP level 6. HP: 52/52 MP: 5/5
  3023 | D:4      | Reached skill level 4 in Fighting
  3549 | D:4      | Found a burning altar of Makhleb.
  3604 | D:4      | Reached XP level 7. HP: 59/60 MP: 6/6
  3608 | D:4      | Found a shadowy altar of Dithmenos.
  3997 | D:4      | Found a staircase to the Ecumenical Temple.
  3998 | D:4      | Noticed Sigmund
  4018 | D:4      | Killed Sigmund
  4018 | D:4      | Reached skill level 5 in Fighting
  4031 | Temple   | Entered the Ecumenical Temple
  4275 | Temple   | Became a worshipper of Ru the Awakened
  4344 | D:4      | Reached skill level 5 in Dodging
  4575 | D:5      | Entered Level 5 of the Dungeon
  4585 | D:5      | Found Ywawkufam's Distillery.
  4597 | D:5      | Reached skill level 5 in Armour
  4604 | D:5      | Bought a potion of curing for 36 gold pieces
  4604 | D:5      | Bought a potion of heal wounds for 60 gold pieces
  4644 | D:5      | Found a glowing golden altar of the Shining One.
  4648 | D:5      | Reached XP level 8. HP: 68/70 MP: 7/7
  4668 | D:5      | Reached skill level 6 in Fighting
  4731 | D:5      | Noticed Pikel
  4748 | D:5      | Killed Pikel
  4748 | D:5      | Reached skill level 7 in Fighting
  5279 | D:5      | Found a bloodstained altar of Trog.
  5318 | D:6      | Found Watoock's Jewellery Shoppe.
  5373 | D:6      | Gained mutation: You are missing an eye, making it more
                  | difficult to aim. [Ru sacrifice]
  5373 | D:6      | Reached * piety under Ru
  5416 | D:6      | Noticed Grinder
  5430 | D:6      | Killed Grinder
  5430 | D:6      | Reached XP level 9. HP: 58/81 MP: 8/8
  5528 | D:6      | Found Zekhib's Distillery.
  5536 | D:6      | Bought a potion of curing for 36 gold pieces
  5536 | D:6      | Bought a potion of haste for 120 gold pieces
  5598 | D:6      | Reached skill level 8 in Fighting
  5634 | D:6      | Noticed Maggie
  5649 | D:6      | Killed Maggie
  5649 | D:6      | Reached skill level 9 in Fighting
  6055 | D:6      | Reached skill level 10 in Fighting
  6105 | D:6      | Found a shimmering altar of Xom.
  6263 | D:6      | Found Woll's Magic Scroll Shoppe.
  6703 | D:7      | Reached skill level 1 in Shields
  6836 | D:7      | Reached skill level 11 in Fighting
  7172 | D:7      | Found a transporter.
  7173 | D:7      | Found a transporter.
  7380 | D:7      | Reached XP level 10. HP: 87/96 MP: 9/9
  7660 | D:8      | Found a staircase to the Lair.
  7671 | D:8      | Reached skill level 5 in Shields
  7675 | D:8      | Noticed Maurice
  7675 | D:8      | Noticed Psyche
  7693 | D:8      | Reached skill level 12 in Fighting
  7739 | D:8      | Killed Maurice
  7752 | D:8      | Gained mutation: You cannot be stealthy. [Ru sacrifice]
  7890 | D:8      | Reached skill level 13 in Fighting
  7936 | D:8      | Killed Psyche
  8158 | D:8      | Got an ebony long sword
  8159 | D:8      | Identified the +10 long sword of Cocytus {vorpal, Int+5}
                  | (You found it on level 8 of the Dungeon)
  8218 | D:8      | Noticed Prince Ribbit
  8223 | D:8      | Reached skill level 1 in Long Blades
  8227 | D:8      | Killed Prince Ribbit
  8440 | D:8      | Found a sand-covered staircase.
  8447 | Ossuary  | Entered an ossuary
  9139 | D:9      | Reached skill level 5 in Long Blades
  9273 | D:9      | Reached XP level 11. HP: 78/107 MP: 10/10
  9447 | D:9      | Found a hazy altar of Hepliaklqana.
  9650 | D:9      | Found Ziuck's Book Boutique.
  9834 | D:9      | Found a snail-covered altar of Cheibriados.
  9862 | D:9      | Found an opulent altar of Gozag.
 10059 | D:9      | Gained mutation: You take slightly more damage. (AC -5) [Ru
                  | sacrifice]
 10059 | D:9      | Reached ** piety under Ru
 10059 | D:9      | Reached *** piety under Ru
 10171 | D:10     | Entered Level 10 of the Dungeon
 10456 | D:10     | Identified the +8 falchion of the Tent {vorpal, rF+ SInv}
                  | (You found it on level 10 of the Dungeon)
 11084 | D:11     | Killed an unseen horror
 11084 | D:11     | Reached skill level 10 in Long Blades
 11294 | D:11     | Noticed a five-headed hydra
 11310 | D:11     | Killed a five-headed hydra
 11713 | D:11     | Killed an unseen horror
 12019 | D:11     | Noticed Fannar
 12043 | D:11     | Killed Fannar
 12202 | D:11     | Reached XP level 12. HP: 80/114 MP: 11/11
 12784 | D:12     | Noticed a two-headed ogre
 12793 | D:12     | Killed a two-headed ogre
 12809 | D:12     | Reached skill level 10 in Shields
 12854 | D:12     | Gained mutation: Your cowardice makes you less effective in
                  | combat with threatening monsters. [Ru sacrifice]
 12854 | D:12     | Reached **** piety under Ru
 12908 | D:12     | Noticed Frances
 12920 | D:12     | Killed from afar by a soul eater

Illustrated notes

Levels and vault maps discovered:
D:1:      dpeg_arrival_triangle_fractal, layout_loops_ring,
          minmay_splitting_lines
D:2:      layout_rooms, chequers_ecumenical_altar_simple,
          uniq_crazy_yiuf_cottage, uniq_natasha
D:3:      kennysheep_the_goblin_king, layout_basic, ebering_ghost_rock_garden
D:4:      layout_cave_pods, lemuel_doored_altar, bloody_makhleb,
          minmay_temple_entry_stoned_glass, first_ration, uniq_sigmund
D:5:      layout_loops_ring, kennysheep_mini, old_standard_altar, serial_shops,
          shop, minmay_stone_trees_small, uniq_pikel
D:6:      layout_cave_pools, xom_teletrap_fun, serial_shops, shop,
          shop_fountains, kennysheep_little_box, uniq_maggie, uniq_grinder
D:7:      gammafunk_steamed_eel, layout_basic, the_bakery
D:8:      layout_loops_cross, due_lair_maze_entry_diamond,
          nicolae_ossuary_entry_plus, uniq_prince_ribbit1, uniq_maurice,
          uniq_psyche
D:9:      layout_irregular_city, grunt_gozag_statues, overflow_temple_1_default,
          serial_shops, nicolae_shop_crystal, basic_altar,
          kennysheep_generic_room_9
D:10:     layout_basic, serial_undead, serial_undead_e, serial_undead_c,
          serial_undead_d, serial_undead_e
D:11:     layout_long_grid, uniq_fannar
D:12:     layout_loops_cross, erik_orc_1, uniq_frances
Temple:   regret_index_temple_generic_petals

Skill      XL: |  1  2  3  4  5  6  7  8  9 10 11 12 |
---------------+-------------------------------------+-----
Short Blades   | 1 3 4 5 |  5.0
Armour         | 2 3 5 7 |  7.3
Fighting       | 3 4 5 7 11 13 | 13.4
Dodging        | 3 4 5 7 |  7.2
Shields        | 4 5 9 10 | 10.2
Long Blades    | 7 11 12 | 12.0
Crossbows      | |  4.3

Action                   |  1- 3 |  4- 6 |  7- 9 | 10-12 || total
-------------------------+-------+-------+-------+-------++-------
Melee: Short sword       |    55 |   137 |   314 |    96 ||   602
       Headbutt          |     8 |    15 |    59 |   111 ||   193
       Unarmed           |       |       |     8 |     8 ||    16
       Long sword        |       |       |       |   374 ||   374
 Fire: Hand crossbow     |       |       |     3 |       ||     3
Invok: Sacrifice an Eye  |       |       |     1 |       ||     1
       Sacrifice Stealth |       |       |       |     1 ||     1
       Draw Out Power    |       |       |       |     1 ||     1
       Sacrifice Health  |       |       |       |     1 ||     1
       Sacrifice Courage |       |       |       |     1 ||     1
Evoke: Wand              |       |       |       |    14 ||    14
  Use: Scroll            |       |     1 |     8 |    15 ||    24
       Potion            |       |     6 |     2 |     2 ||    10
 Stab: Distracted        |       |       |       |     1 ||     1
  Eat: Chunk             |     2 |     5 |    14 |    18 ||    39
       Ration            |       |       |     1 |       ||     1
Armor: Leather armour    |    10 |    33 |     5 |       ||    48
       Chain mail        |       |       |   103 |   151 ||   254
       Skin              |       |       |       |     2 ||     2
Dodge: Dodged            |    28 |    73 |   129 |   229 ||   459
Block: Buckler           |       |       |    17 |    40 ||    57
       Kite shield       |       |       |       |   155 ||   155
       Rpst.: Long sword |       |       |       |    44 ||    44
